[Event "Titled Tuesday Blitz May 30 Late 2023"]
[White "Kravtsiv, Martyn"]
[Black "Taboas Rodriguez, Daniel"]
[WhiteFideId "14113147"]
[BlackFideId "2208466"]
[WhiteElo "2695"]
[BlackElo "2365"]
[Result "1-0"]
[Round "02"]
[TimeControl "180+2"]
[Date "2023.05.31"]
[WhiteClock "0:02:16"]
[BlackClock "0:01:36"]

1. e4 e5 2. Nf3 Nc6 3. Nc3 Nf6 4. a4 Bb4 5. Bd3 O-O 6. O-O d6 7. Nd5 Bc5 8. c3 a5 9. Bc2 Bg4 10. h3 Bh5 11. Nxf6+ Qxf6 12. g4 Bg6 13. d4 exd4 14. Bg5 Qe6 15. cxd4 Nb4 16. Bb3 Qxe4 17. dxc5 dxc5 18. Re1 Qc6 19. Ne5 Qa6 20. Bc4 Qa7 21. Nxg6 hxg6 22. Be7 Rfe8 23. Qf3 Nc2 24. Qxf7+ Kh7 25. Bd3 1-0


[Site "https://www.chess.com"]

[Event "Titled Tuesday Blitz May 30 Late 2023"]
[White "Mustafayev, Farid"]
[Black "Mahdavi, Reza"]
[WhiteFideId "13408771"]
[BlackFideId "12595926"]
[WhiteElo "2197"]
[BlackElo "2352"]
[Result "1-0"]
[Round "02"]
[TimeControl "180+2"]
[Date "2023.05.31"]
[WhiteClock "0:00:20"]
[BlackClock "0:00:10"]

1. c4 e5 2. d3 Nf6 3. g3 c6 4. Bg2 Bb4+ 5. Nd2 d6 6. Nf3 a5 7. O-O O-O 8. a3 Bc5 9. b3 Re8 10. Bb2 Nbd7 11. Qc2 Qb6 12. e3 Qc7 13. Rfe1 Nf8 14. Rad1 Bf5 15. h3 h6 16. Ne4 Nxe4 17. dxe4 Be6 18. Nh4 Qe7 19. Nf5 Bxf5 20. exf5 Nd7 21. Qd2 Nf6 22. b4 axb4 23. axb4 Bb6 24. Qxd6 Ra4 25. Qxe7 Rxe7 26. c5 Rxb4 27. Bc3 Rc4 28. cxb6 Rxc3 29. Rd8+ Kh7 30. Rb1 e4 31. Rc8 Nd5 32. f6 gxf6 33. h4 f5 34. h5 Kg7 35. Bf1 Rd7 36. Bh3 Ne7 37. Rc7 Rcd3 38. g4 Kf6 39. gxf5 Rxc7 40. bxc7 b5 41. Ra1 Rd7 42. Ra7 Nc8 43. Rb7 Nd6 44. c8=Q Rxb7 45. Qxc6 Ke5 46. Bg2 Rb8 47. Qc5+ 1-0


[Site "https://www.chess.com"]

[Event "Titled Tuesday Blitz May 30 Late 2023"]
[White "Gorovets, Andrey"]
[Black "Mathieu, Phileas"]
[WhiteFideId "13504037"]
[BlackFideId "36048410"]
[WhiteElo "2459"]
[BlackElo "2241"]
[Result "1-0"]
[Round "02"]
[TimeControl "180+2"]
[Date "2023.05.31"]
[WhiteClock "0:00:42"]
[BlackClock "0:01:10"]

1. Nf3 Nf6 2. c4 e6 3. g3 a6 4. b3 b5 5. Nc3 b4 6. Na4 Bb7 7. d4 d5 8. Bg2 Be7 9. O-O O-O 10. cxd5 Nxd5 11. Bb2 Nd7 12. Rc1 Rc8 13. Nc5 Nxc5 14. dxc5 Bf6 15. Ne5 Ba8 16. Qd4 Nc3 17. Bxc3 Bxg2 18. Kxg2 bxc3 19. Qe4 Qd5 20. Qxd5 exd5 21. Nd7 Rfe8 22. Nxf6+ gxf6 23. e3 d4 24. exd4 Rcd8 25. Rfd1 Re4 26. d5 Re5 27. Rxc3 Rexd5 28. Rxd5 Rxd5 29. Rc4 Kf8 30. Kf3 a5 31. Ke3 Ke7 32. Re4+ Kf8 33. Rc4 Ke7 34. a3 h5 35. b4 axb4 36. axb4 c6 37. Rd4 Rf5 38. f4 Ke6 39. Ke4 h4 40. g4 Rd5 41. f5+ Kd7 42. Rxd5+ cxd5+ 43. Kxd5 1-0


[Site "https://www.chess.com"]

[Event "Titled Tuesday Blitz May 30 Late 2023"]
[White "Lopez Mulet, Inigo"]
[Black "Bryakin, Mikhail"]
[WhiteFideId "22235620"]
[BlackFideId "4165314"]
[WhiteElo "2289"]
[BlackElo "2467"]
[Result "1-0"]
[Round "02"]
[TimeControl "180+2"]
[Date "2023.05.31"]
[WhiteClock "0:00:28"]
[BlackClock "0:00:10"]

1. d4 f5 2. Nh3 Nf6 3. Bg5 g6 4. Nf4 Bg7 5. h4 e6 6. c4 h6 7. Nxg6 Rg8 8. Bf4 d6 9. Nc3 Nc6 10. d5 Ne7 11. Nxe7 Qxe7 12. dxe6 Bxe6 13. e3 Ne4 14. Nxe4 fxe4 15. Qc2 Bf5 16. Be2 O-O-O 17. O-O-O Be5 18. g3 Bxf4 19. gxf4 Rg2 20. Bf3 Rg7 21. Rhg1 Rdg8 22. Rxg7 Rxg7 23. Rh1 Kb8 24. Kd2 a6 25. b3 Qf6 26. Be2 Rg2 27. Rf1 Qxh4 28. Ke1 Qf6 29. a4 a5 30. Kd2 Qh4 31. Ke1 Qf6 32. Kd2 b6 33. Qc3 Qg6 34. Qh8+ Kb7 35. Qd4 h5 36. Qh8 Bg4 37. Bxg4 hxg4 38. Qh1 Qf6 39. Kc2 d5 40. Qxg2 Qc6 41. Rc1 Qc5 42. Kb2 c6 43. cxd5 Qxd5 44. Qxg4 Qd2+ 45. Rc2 Qd5 46. Qg7+ Ka6 47. Qc3 Kb7 48. f5 c5 49. f6 Qe6 50. Rd2 Kc6 51. Rd1 Kb7 52. Rg1 Qf5 53. Rg7+ Kc6 54. f7 Qxf2+ 55. Ka3 Qf1 56. Rg6+ Kb7 57. Rf6 Qb1 58. f8=Q 1-0


[Site "https://www.chess.com"]

[Event "Titled Tuesday Blitz May 30 Late 2023"]
[White "Thorfinnsson, Bragi"]
[Black "Petrosyan, Manuel"]
[WhiteFideId "2300958"]
[BlackFideId "13300857"]
[WhiteElo "2322"]
[BlackElo "2576"]
[Result "0-1"]
[Round "02"]
[TimeControl "180+2"]
[Date "2023.05.31"]
[WhiteClock "0:01:29"]
[BlackClock "0:00:38"]

1. d4 Nf6 2. c4 e6 3. Nc3 Bb4 4. Nf3 b6 5. Bg5 h6 6. Bh4 g5 7. Bg3 Ne4 8. Qc2 Bb7 9. e3 d6 10. Bd3 f5 11. a3 Bxc3+ 12. bxc3 Nd7 13. d5 Ndc5 14. Nd4 Qf6 15. dxe6 O-O-O 16. e7 Rde8 17. a4 f4 18. exf4 gxf4 19. O-O fxg3 20. fxg3 Qg5 21. Nf5 Qd2 22. Qxd2 Nxd2 23. Rfd1 Ndb3 24. Ra2 Nxd3 25. Rxd3 Nc1 0-1


[Site "https://www.chess.com"]

[Event "Titled Tuesday Blitz May 30 Late 2023"]
[White "Holt, Conrad"]
[Black "Golubev, Mikhail"]
[WhiteFideId "2034387"]
[BlackFideId "14100983"]
[WhiteElo "2592"]
[BlackElo "2374"]
[Result "1-0"]
[Round "02"]
[TimeControl "180+2"]
[Date "2023.05.31"]
[WhiteClock "0:01:14"]
[BlackClock "0:00:06"]

1. d4 Nf6 2. c4 g6 3. Nc3 Bg7 4. e4 d6 5. Nf3 O-O 6. h3 e5 7. dxe5 dxe5 8. Qxd8 Rxd8 9. Bg5 Na6 10. Nd5 Rd6 11. Bxf6 Bxf6 12. Rc1 b6 13. b4 c6 14. c5 Re6 15. Bxa6 cxd5 16. Bxc8 Rxc8 17. exd5 Rd6 18. Ke2 Rxd5 19. cxb6 Rxc1 20. Rxc1 axb6 21. Rc6 Bd8 22. a4 Kf8 23. Nd2 Ke7 24. Nc4 Rd4 25. Nxb6 Bxb6 26. Rxb6 f5 27. a5 Kd7 28. a6 Kc7 29. Rb7+ Kc8 30. b5 Rb4 31. Kd3 e4+ 32. Kc3 Rb1 33. Kc4 f4 34. Re7 Rc1+ 35. Kb4 Rd1 1-0


[Site "https://www.chess.com"]

[Event "Titled Tuesday Blitz May 30 Late 2023"]
[White "Bilan, Danila"]
[Black "Maksimovic, Bojan"]
[WhiteFideId "24161918"]
[BlackFideId "14408120"]
[WhiteElo "2182"]
[BlackElo "2468"]
[Result "0-1"]
[Round "02"]
[TimeControl "180+2"]
[Date "2023.05.31"]
[WhiteClock "0:00:03"]
[BlackClock "0:00:58"]

1. d4 g6 2. Nf3 Bg7 3. Bg5 h6 4. Bh4 f5 5. e3 g5 6. Bg3 c5 7. c3 Qb6 8. Qc2 d6 9. Nbd2 Nf6 10. Bd3 cxd4 11. cxd4 Nc6 12. Bxf5 Nb4 13. Bg6+ Kf8 14. Qb3 Nbd5 15. Rc1 Be6 16. Qxb6 Nxb6 17. a3 Nfd5 18. O-O Bf6 19. Bc2 a5 20. Bd3 Na4 21. Rc2 Rc8 22. Rfc1 Rxc2 23. Rxc2 Kg7 24. e4 Nf4 25. Bxf4 gxf4 26. e5 dxe5 27. dxe5 Rd8 28. exf6+ Kxf6 29. Bc4 Bxc4 30. Rxc4 Nxb2 31. Rxf4+ Kg6 32. g3 b5 33. Re4 Kf6 34. Re5 Rb8 35. Rh5 Kg6 36. Re5 Kf6 37. Ne4+ Kf7 38. Rc5 a4 39. Rc2 Nc4 40. Ra2 Rd8 41. Nc3 Rb8 42. Nd4 Nd6 43. Nc6 Rc8 44. Ne5+ Ke6 45. Nxb5 Nxb5 46. Nd3 Rc3 47. Nb4 Rxa3 48. Re2+ Kd6 49. Nc2 Ra2 50. Kf1 Nc3 51. Rd2+ Kc5 52. Ne3 Rxd2 0-1


[Site "https://www.chess.com"]

[Event "Titled Tuesday Blitz May 30 Late 2023"]
[White "Meshkovs, Nikita"]
[Black "Suder, Jakub"]
[WhiteFideId "11602740"]
[BlackFideId "1195310"]
[WhiteElo "2537"]
[BlackElo "2287"]
[Result "1/2-1/2"]
[Round "02"]
[TimeControl "180+2"]
[Date "2023.05.31"]
[WhiteClock "0:00:03"]
[BlackClock "0:00:02"]

1. c4 e6 2. Nf3 d5 3. e3 Nf6 4. d4 Be7 5. Be2 dxc4 6. O-O a6 7. Bxc4 b5 8. Bb3 Bb7 9. Nc3 Nbd7 10. e4 c5 11. e5 Ng4 12. h3 cxd4 13. Qxd4 Bxf3 14. hxg4 Bb7 15. Ne4 Bxe4 16. Qxe4 Rc8 17. Rd1 Qc7 18. Bf4 Nc5 19. Qf3 Nxb3 20. axb3 O-O 21. Rxa6 Qc2 22. Ra7 Bc5 23. Rb7 Rfd8 24. Rd2 Rxd2 25. Bxd2 Rf8 26. Be3 Bxe3 27. Qxe3 Qxb2 28. Rxb5 h6 29. Rb7 Ra8 30. Qf4 Qb1+ 31. Kh2 Qg6 32. b4 h5 33. g5 Ra4 34. f3 Kh7 35. Kg3 Kg8 36. Kh4 Ra1 37. Kg3 Ra4 38. Rb8+ Kh7 39. Rf8 Ra7 40. Kh4 Rb7 41. Qd4 Qb1 42. Qd8 Qh1+ 43. Kg3 Qe1+ 44. Kh3 Qh1+ 45. Kg3 Qe1+ 46. Kf4 Qc1+ 47. Kg3 Qe1+ 1/2-1/2


[Site "https://www.chess.com"]

[Event "Titled Tuesday Blitz May 30 Late 2023"]
[White "Mortazavi, Ali"]
[Black "Janik, Igor"]
[WhiteFideId "401323"]
[BlackFideId "1159259"]
[WhiteElo "2339"]
[BlackElo "2484"]
[Result "1-0"]
[Round "02"]
[TimeControl "180+2"]
[Date "2023.05.31"]
[WhiteClock "0:00:20"]
[BlackClock "0:00:48"]

1. Nf3 c5 2. g3 Nc6 3. Bg2 g6 4. O-O Bg7 5. d3 d5 6. Nbd2 Nf6 7. e3 O-O 8. e4 Bg4 9. h3 Bxf3 10. Qxf3 e6 11. Qe2 Rc8 12. c3 b5 13. exd5 Nxd5 14. Ne4 b4 15. Bd2 Qe7 16. Rac1 bxc3 17. bxc3 h6 18. Rfe1 Rfd8 19. f4 Rb8 20. Rc2 a5 21. Nf2 Qa7 22. Kh2 a4 23. h4 h5 24. g4 hxg4 25. Qxg4 a3 26. Ne4 Nce7 27. h5 f5 28. Qh3 fxe4 29. Qxe6+ Kh8 30. hxg6 Nf6 31. dxe4 Qd7 32. Qxd7 Rxd7 33. f5 Rb2 34. Rxb2 axb2 35. Bg5 Ng4+ 36. Kg3 Bxc3 37. Rh1+ Kg8 38. Kxg4 Nc6 39. f6 Ne5+ 40. Kf5 Rb7 41. Rb1 Nc4 42. e5 Rb8 43. Bd5+ 1-0


[Site "https://www.chess.com"]

[Event "Titled Tuesday Blitz May 30 Late 2023"]
[White "Milikow, Yoav"]
[Black "Perske, Thore"]
[WhiteFideId "2822237"]
[BlackFideId "12902195"]
[WhiteElo "2410"]
[BlackElo "2336"]
[Result "1-0"]
[Round "02"]
[TimeControl "180+2"]
[Date "2023.05.31"]
[WhiteClock "0:00:16"]
[BlackClock "0:00:22"]

1. d4 d5 2. c4 c6 3. Nf3 Nf6 4. g3 Bf5 5. Nc3 e6 6. Nh4 Be4 7. f3 Bg6 8. Qb3 Qb6 9. c5 Qxb3 10. axb3 Nbd7 11. b4 e5 12. dxe5 Nxe5 13. Bf4 Ned7 14. e3 Be7 15. Bh3 O-O 16. O-O Bd3 17. Rfd1 Bc4 18. Nf5 Rfe8 19. Ra3 a5 20. Nxe7+ Rxe7 21. bxa5 Ne8 22. b3 Ba6 23. b4 Bc4 24. e4 Ndf6 25. Rd4 h6 26. Na4 g5 27. Nb6 Rd8 28. Bd6 Nxd6 29. cxd6 Rxd6 30. Nxc4 Rd8 31. Ne3 Ree8 32. exd5 cxd5 33. Rad3 Kg7 34. Kf2 Kg6 35. Nxd5 Nxd5 36. Rxd5 Rb8 37. Bf5+ Kf6 38. Rb5 Re7 39. Be4 Kg7 40. Rd6 f6 41. h4 Rc8 42. hxg5 fxg5 43. Rxb7 Rxb7 44. Bxb7 Rc2+ 45. Kg1 Rb2 46. Rd4 Rb1+ 47. Kg2 Rb2+ 48. Kh3 Rb3 49. Bd5 Rb2 50. a6 Rb1 51. a7 Ra1 52. a8=Q 1-0


[Site "https://www.chess.com"]

[Event "Titled Tuesday Blitz May 30 Late 2023"]
[White "Poltorak, Sebastian"]
[Black "Papasimakopoulos, Alexandros"]
[WhiteFideId "1199498"]
[BlackFideId "4244125"]
[WhiteElo "2195"]
[BlackElo "2359"]
[Result "0-1"]
[Round "02"]
[TimeControl "180+2"]
[Date "2023.05.31"]
[WhiteClock "0:00:05"]
[BlackClock "0:00:23"]

1. d4 e6 2. c4 Nf6 3. Nc3 Bb4 4. Nf3 c5 5. g3 cxd4 6. Nxd4 O-O 7. Bg2 d5 8. cxd5 Nxd5 9. Bd2 Bxc3 10. bxc3 e5 11. Nb3 Nc6 12. O-O Nb6 13. Be3 Nc4 14. Bc5 Re8 15. Qxd8 Rxd8 16. Rfd1 Be6 17. Bxc6 bxc6 18. Rxd8+ Rxd8 19. Bxa7 Na3 20. Bc5 Nb5 21. Rc1 Ra8 22. Rc2 Bf5 23. Rd2 Nxc3 24. a3 f6 25. f3 Nb5 26. Nc1 Be6 27. Rd3 Bc4 28. Re3 Rd8 29. Nd3 Kf7 30. f4 Bxd3 31. exd3 Ke6 32. fxe5 fxe5 33. Kf2 Kd5 34. Bb4 c5 35. Ba5 Ra8 36. a4 Rxa5 37. axb5 Rxb5 38. Rf3 Rb2+ 39. Ke3 Rxh2 40. Rf7 g6 41. Rd7+ Ke6 42. Rc7 Kd6 43. Rg7 Rh3 44. Kf3 Ke6 45. Rc7 Kd6 46. Rg7 Rh2 47. Ke3 Kd5 48. Rd7+ Ke6 49. Rg7 Kf5 50. Kf3 h5 51. Rf7+ Ke6 52. Rg7 Kf6 53. Rc7 Rc2 54. Rc8 Kf5 55. Rf8+ Kg5 56. Re8 Kf6 57. Rf8+ Ke6 58. Rg8 c4 59. d4 0-1


[Site "https://www.chess.com"]

[Event "Titled Tuesday Blitz May 30 Late 2023"]
[White "Zochowski, Kacper"]
[Black "Bordi, Kevin"]
[WhiteFideId "1125494"]
[BlackFideId "621862"]
[WhiteElo "2235"]
[BlackElo "2766"]
[Result "0-1"]
[Round "02"]
[TimeControl "180+2"]
[Date "2023.05.31"]
[WhiteClock "0:00:01"]
[BlackClock "0:02:15"]

1. e4 d5 2. exd5 Qxd5 3. Nf3 Bg4 4. Be2 Nc6 5. d4 O-O-O 6. c4 Qd7 7. Be3 e6 8. Nbd2 Nh6 9. Bxh6 gxh6 10. O-O Rg8 11. Re1 Nxd4 12. Nxd4 Qxd4 13. Bxg4 Rxg4 14. Qe2 Bb4 15. Nf3 Qxc4 16. Qxc4 Rxc4 17. Re5 Rc2 18. Rh5 Rxb2 19. Rxh6 Bc5 20. Rxh7 Rxf2 21. Kh1 Rg8 22. Nh4 Be7 0-1


[Site "https://www.chess.com"]

[Event "Titled Tuesday Blitz May 30 Late 2023"]
[White "Hambleton, Aman"]
[Black "Gheorghiu, Calin"]
[WhiteFideId "2606577"]
[BlackFideId "1200305"]
[WhiteElo "2511"]
[BlackElo "2223"]
[Result "1-0"]
[Round "02"]
[TimeControl "180+2"]
[Date "2023.05.31"]
[WhiteClock "0:00:04"]
[BlackClock "0:00:12"]

1. c4 e5 2. g3 Nf6 3. Bg2 d5 4. cxd5 Nxd5 5. Nc3 Nb6 6. e3 Nc6 7. Nge2 Be7 8. f4 Bg4 9. h3 Bxe2 10. Qxe2 exf4 11. gxf4 Bh4+ 12. Kf1 Qe7 13. a4 a5 14. b3 O-O 15. Ba3 Nb4 16. Bxb7 Rad8 17. Rg1 c6 18. Bxc6 Bf6 19. Bf3 Rfe8 20. Rd1 Qe6 21. Ne4 Be7 22. Bb2 f6 23. Qg2 g6 24. h4 Nd3 25. Bc3 Nd5 26. Ba1 f5 27. h5 fxe4 28. hxg6 hxg6 29. Bxe4 N5xf4 30. exf4 Nxf4 31. Qh1 Qxe4 32. Qxe4 Rf8 33. Rxg6+ Nxg6+ 34. Kg1 Rd6 35. Rf1 Re8 36. Qg2 Re6 37. Bc3 Bc5+ 38. d4 Bd6 39. Rf3 R8e7 40. Qf2 Rg7 41. Kf1 Re4 42. d5 Bf4 43. Bxg7 Kxg7 44. Qb2+ Kh6 45. Qc2 Rd4 46. d6 Rxd6 47. Rxf4 Nxf4 48. Qh2+ Kg5 49. Qg3+ Kf5 50. Qc3 Rd1+ 51. Kf2 Rd3 52. Qxa5+ Rd5 53. Qb6 Nd3+ 54. Kf1 Ne5 55. a5 Ke4 56. Ke2 Nf3 57. Qe3+ Kf5 58. Qxf3+ Ke6 59. Qxd5+ Kxd5 60. b4 1-0


[Site "https://www.chess.com"]

[Event "Titled Tuesday Blitz May 30 Late 2023"]
[White "Kleinman, Michael"]
[Black "Simonian, Hrair"]
[WhiteFideId "2609479"]
[BlackFideId "13302337"]
[WhiteElo "2287"]
[BlackElo "2447"]
[Result "1-0"]
[Round "02"]
[TimeControl "180+2"]
[Date "2023.05.31"]
[WhiteClock "0:00:29"]
[BlackClock "0:00:02"]

1. e4 c5 2. Nf3 e6 3. c4 Nc6 4. d4 cxd4 5. Nxd4 Qc7 6. Nc3 Nf6 7. Be2 Bb4 8. O-O Bxc3 9. Nb5 Qe5 10. bxc3 Nxe4 11. Ba3 Nc5 12. Qd6 b6 13. Nc7+ Kd8 14. Qxe5 Nxe5 15. Nxa8 Bb7 16. Nxb6 axb6 17. Rab1 Kc7 18. Rb2 Ra8 19. Bxc5 bxc5 20. f4 Ng6 21. Rxb7+ Kxb7 22. Bf3+ d5 23. cxd5 Rxa2 24. dxe6+ Kc7 25. f5 Nf8 26. e7 1-0


[Site "https://www.chess.com"]

[Event "Titled Tuesday Blitz May 30 Late 2023"]
[White "Maurizzi, Marc`Andria"]
[Black "Pulpan, Jakub"]
[WhiteFideId "36083534"]
[BlackFideId "302759"]
[WhiteElo "2421"]
[BlackElo "2484"]
[Result "1-0"]
[Round "02"]
[TimeControl "180+2"]
[Date "2023.05.31"]
[WhiteClock "0:01:41"]
[BlackClock "0:00:22"]

1. e4 e5 2. Nf3 Nc6 3. Bb5 Nf6 4. O-O Nxe4 5. Re1 Nd6 6. a4 Be7 7. Nc3 O-O 8. d4 e4 9. Nxe4 Nxe4 10. Rxe4 d5 11. Re1 Bg4 12. Bxc6 bxc6 13. Qd3 Bxf3 14. Qxf3 c5 15. dxc5 Bxc5 16. b3 c6 17. Bb2 f6 18. Qg4 Qb6 19. a5 Bxf2+ 20. Kf1 Qc5 21. Ba3 Qd4 22. Qe6+ 1-0


[Site "https://www.chess.com"]

[Event "Titled Tuesday Blitz May 30 Late 2023"]
[White "Minko, Dmitry"]
[Black "Tejedor Fuente, Enrique"]
[WhiteFideId "24188468"]
[BlackFideId "2299100"]
[WhiteElo "2147"]
[BlackElo "2496"]
[Result "0-1"]
[Round "02"]
[TimeControl "180+2"]
[Date "2023.05.31"]
[WhiteClock "0:00:02"]
[BlackClock "0:00:03"]

1. e4 c5 2. Nf3 e6 3. d4 cxd4 4. Nxd4 Nc6 5. Nxc6 bxc6 6. Bd3 d5 7. e5 Ba6 8. O-O Bxd3 9. Qxd3 Ne7 10. Nd2 Nf5 11. Nf3 Be7 12. b3 O-O 13. Bb2 a5 14. h3 a4 15. Nd4 Nxd4 16. Qxd4 Qa5 17. Bc3 Qb5 18. Qg4 Ra7 19. Kh2 c5 20. f4 d4 21. Bd2 c4 22. bxc4 Qxc4 23. f5 exf5 24. Qxf5 Rc7 25. Rac1 Qxa2 26. Qg4 Qe6 27. Qxd4 Rc4 28. Qe3 a3 29. Bc3 h6 30. Ba1 Bg5 31. Qe2 Bf4+ 32. Rxf4 Rxf4 33. c4 f6 34. c5 fxe5 35. Qxe5 Qxe5 36. Bxe5 Rf1 37. Rc2 Re8 38. c6 Rff8 39. Bd6 Rf6 40. c7 Rxd6 41. c8=Q Rxc8 42. Rxc8+ Kf7 43. Ra8 Rd3 44. Ra6 h5 45. Kh1 h4 46. Kh2 g6 47. Kg1 Kg7 48. Kf2 Rc3 49. Ke2 Kh6 50. Kf2 Rc2+ 51. Kf3 a2 52. Ra5 Rb2 53. Ra4 Kg5 54. Ra5+ Kf6 55. Kg4 Rxg2+ 56. Kxh4 Kg7 57. Ra4 Kh6 58. Ra6 a1=Q 0-1


[Site "https://www.chess.com"]

[Event "Titled Tuesday Blitz May 30 Late 2023"]
[White "Schmakel, Sam"]
[Black "Moral Garcia, Serafin"]
[WhiteFideId "2039311"]
[BlackFideId "2201925"]
[WhiteElo "2356"]
[BlackElo "2274"]
[Result "1-0"]
[Round "02"]
[TimeControl "180+2"]
[Date "2023.05.31"]
[WhiteClock "0:02:07"]
[BlackClock "0:01:46"]

1. d4 Nf6 2. c4 g6 3. g3 Bg7 4. Bg2 d5 5. cxd5 Nxd5 6. Nf3 Nb6 7. Nc3 Nc6 8. d5 Bxc3+ 9. bxc3 Qxd5 10. Qc2 Bf5 11. Qb2 Be4 12. c4 Nxc4 13. Qxh8+ Kd7 14. Qc3 b5 15. O-O b4 16. Qb3 Ke8 17. Rd1 Qb5 18. Nd4 Nxd4 19. Rxd4 Bxg2 20. Qxc4 1-0


[Site "https://www.chess.com"]

[Event "Titled Tuesday Blitz May 30 Late 2023"]
[White "Garakov, Mikhael"]
[Black "Klukin, Kirill"]
[WhiteFideId "4169034"]
[BlackFideId "24199273"]
[WhiteElo "2347"]
[BlackElo "2344"]
[Result "0-1"]
[Round "02"]
[TimeControl "180+2"]
[Date "2023.05.31"]
[WhiteClock "0:00:31"]
[BlackClock "0:01:27"]

1. e4 d6 2. d4 f5 3. exf5 Bxf5 4. Bd3 Qd7 5. Qh5+ g6 6. Bxf5 Qxf5 7. Qxf5 gxf5 8. d5 Bg7 9. c4 c6 10. Nc3 Bxc3+ 11. bxc3 Nf6 12. Bg5 Ne4 13. Bd2 Nd7 14. f3 Nxd2 15. Kxd2 Nb6 16. dxc6 Nxc4+ 17. Kd3 Ne5+ 18. Kc2 Nxc6 19. Ne2 Rc8 20. Rab1 b6 21. Nf4 Kd7 22. Rhe1 Rhg8 23. g3 Ne5 24. Nd5 Rc5 25. Rbd1 Rgc8 26. f4 Nc6 27. a4 Rxd5 0-1


[Site "https://www.chess.com"]

[Event "Titled Tuesday Blitz May 30 Late 2023"]
[White "Yanchenko, Roman"]
[Black "ElDivis"]
[WhiteFideId "4137329"]
[WhiteElo "2491"]
[BlackElo "2528"]
[Result "1-0"]
[Round "02"]
[TimeControl "180+2"]
[Date "2023.05.31"]
[WhiteClock "0:00:22"]
[BlackClock "0:00:10"]

1. d4 Nf6 2. Nf3 b6 3. c4 Bb7 4. Bf4 c5 5. e3 cxd4 6. Nxd4 g6 7. Nc3 Bg7 8. Nf3 O-O 9. Be2 Nc6 10. O-O Rc8 11. Rc1 Na5 12. b3 d5 13. Nxd5 Nxd5 14. cxd5 Qxd5 15. Qxd5 Bxd5 16. Ba6 Rxc1 17. Rxc1 Nc6 18. Bb7 Nb4 19. Rc7 Bxb7 20. Rxb7 Nxa2 21. Rxa7 Nc1 22. Rxe7 Nxb3 23. Rb7 Rc8 24. g4 Nc5 25. Rxb6 Nd3 26. Bg3 Bf8 27. Rb7 Nc5 28. Rb5 Ne4 29. Kg2 Bd6 30. Bh4 h6 31. Rd5 g5 32. Rd4 Re8 33. Bg3 Bxg3 34. hxg3 Nf6 35. Nd2 Kg7 36. Kf3 Ra8 37. Ke2 Ra2 38. f3 Rb2 39. e4 h5 40. e5 Ng8 41. gxh5 Ne7 42. g4 Nc6 43. Re4 Na5 44. Kd3 Nb7 45. Ke3 Nc5 46. Rc4 Ne6 47. Ra4 Nf4 48. Ne4 Re2+ 49. Kd4 Ne6+ 50. Kc4 Re3 51. Nd6 Rxe5 52. Nf5+ Kf6 53. h6 Nf8 54. Ra6+ Re6 55. Ra8 Nh7 56. Rh8 Kg6 57. Rg8+ Kf6 58. Rg7 Nf8 59. h7 Nxh7 60. Rxh7 Ra6 61. Rh6+ 1-0


[Site "https://www.chess.com"]

[Event "Titled Tuesday Blitz May 30 Late 2023"]
[White "Petukhov, Dmitry"]
[Black "Panesar Vedant"]
[WhiteFideId "4142748"]
[BlackFideId "35033018"]
[WhiteElo "2311"]
[BlackElo "2347"]
[Result "0-1"]
[Round "02"]
[TimeControl "180+2"]
[Date "2023.05.31"]
[WhiteClock "0:01:04"]
[BlackClock "0:01:09"]

1. e4 e5 2. Nf3 Nc6 3. Bb5 a6 4. Ba4 Nf6 5. O-O b5 6. Bb3 Bc5 7. c3 d6 8. d4 Bb6 9. Bg5 h6 10. Bh4 g5 11. Bg3 exd4 12. cxd4 g4 13. e5 Nh5 14. exd6 Nxg3 15. hxg3 gxf3 16. Qxf3 Qxd6 17. Qxf7+ Kd8 18. Nc3 Rf8 19. Qg7 Bxd4 20. Qh7 Bf5 0-1


[Site "https://www.chess.com"]

[Event "Titled Tuesday Blitz May 30 Late 2023"]
[White "Aggelis, Nikolaos"]
[Black "Brodowski, Piotr"]
[WhiteFideId "4213220"]
[BlackFideId "1124480"]
[WhiteElo "2189"]
[BlackElo "2351"]
[Result "0-1"]
[Round "02"]
[TimeControl "180+2"]
[Date "2023.05.31"]
[WhiteClock "0:00:54"]
[BlackClock "0:00:35"]

1. c4 g6 2. Nf3 Bg7 3. g3 e5 4. Nc3 f5 5. d3 d6 6. Bg2 Nf6 7. O-O O-O 8. Rb1 a5 9. a3 h6 10. Bd2 g5 11. b4 axb4 12. axb4 f4 13. Ne1 Nc6 14. Nc2 Ne7 15. d4 Ng6 16. dxe5 dxe5 17. Ne4 c6 18. Bc3 Bf5 19. Qxd8 Raxd8 20. Nxf6+ Bxf6 21. Rfc1 e4 22. Bxf6 Rxf6 23. b5 Rd2 24. bxc6 bxc6 25. Rb8+ Nf8 26. e3 f3 27. Bf1 c5 28. Na3 Ra6 29. Rb3 Ng6 30. Nb1 Rd8 31. Ra3 Rxa3 32. Nxa3 Ne5 33. Nb5 Rd2 34. Ra1 Ng4 35. Bh3 Nxe3 36. Ra8+ Kh7 37. Ra7+ Kg6 38. Ra6+ Kh5 0-1


[Site "https://www.chess.com"]

[Event "Titled Tuesday Blitz May 30 Late 2023"]
[White "Koc, Przemyslaw"]
[Black "Halkias, Stelios"]
[WhiteFideId "1109081"]
[BlackFideId "4201809"]
[WhiteElo "2161"]
[BlackElo "2451"]
[Result "0-1"]
[Round "02"]
[TimeControl "180+2"]
[Date "2023.05.31"]
[WhiteClock "0:00:14"]
[BlackClock "0:00:27"]

1. Nf3 Nf6 2. g3 g6 3. b3 Bg7 4. Bb2 O-O 5. Bg2 d6 6. d4 a5 7. Nc3 d5 8. O-O c6 9. Re1 Bf5 10. Nh4 Bg4 11. h3 Bc8 12. Kh2 Nbd7 13. Nf3 Re8 14. e4 dxe4 15. Ng5 Nd5 16. Ngxe4 Nxc3 17. Bxc3 a4 18. Qd2 Nb6 19. Rad1 Nd5 20. Ba1 axb3 21. axb3 Ra2 22. Nc3 Rxa1 23. Rxa1 Nxc3 24. Qxc3 Bxd4 25. Qb4 Bxa1 26. Rxa1 Qd6 27. Qb6 Qd8 28. Qxd8 Rxd8 29. Ra8 Kf8 30. b4 Ke8 31. Rb8 Kd7 32. c4 Kc7 33. Ra8 Rd4 34. Bf1 Rd1 35. Bg2 Rb1 36. Ra4 Be6 37. c5 Rb2 38. Kg1 Bf5 39. h4 Bc2 40. Ra8 Rxb4 41. Rh8 h5 42. Rf8 Bb3 43. Bh3 b6 44. Rc8+ Kb7 45. Re8 bxc5 46. Rxe7+ Kb6 47. Bc8 Bd5 48. f4 c4 49. Kf2 Kc5 50. f5 Rb2+ 51. Ke3 Rb3+ 52. Kd2 Rxg3 53. fxg6 fxg6 54. Rg7 Kd4 55. Bd7 c3+ 56. Ke1 c2 57. Kd2 Rg2+ 58. Kc1 Kc3 0-1


[Site "https://www.chess.com"]

[Event "Titled Tuesday Blitz May 30 Late 2023"]
[White "Thomforde-Toates, Noah"]
[Black "Ladan, Nicholas"]
[WhiteFideId "30951992"]
[BlackFideId "30918855"]
[WhiteElo "2737"]
[BlackElo "2167"]
[Result "1-0"]
[Round "02"]
[TimeControl "180+2"]
[Date "2023.05.31"]
[WhiteClock "0:00:48"]
[BlackClock "0:00:16"]

1. d4 d5 2. Nc3 Nf6 3. Bf4 Bf5 4. e3 e6 5. Bd3 Bd6 6. Nf3 O-O 7. O-O Bxf4 8. exf4 c5 9. dxc5 Qc7 10. Bxf5 exf5 11. Nxd5 Nxd5 12. Qxd5 Na6 13. Qxf5 Nxc5 14. Rfe1 Ne6 15. g3 Rad8 16. Rad1 Qb6 17. b3 Qa6 18. a4 g6 19. Qb5 Qxb5 20. axb5 Rc8 21. c4 Nc5 22. Re3 Rfe8 23. Rxe8+ Rxe8 24. b4 Ne6 25. Rd7 Rc8 26. c5 b6 27. Rxa7 bxc5 28. b6 Rb8 29. b7 Kg7 30. Ne5 cxb4 31. Nd3 b3 32. Kf1 Nd8 33. Ra8 Rxb7 34. Rxd8 b2 35. Nxb2 Rxb2 36. Rd7 h5 37. Kg2 Kf6 38. Rd6+ Ke7 39. Ra6 Rc2 40. f5 gxf5 41. Rh6 f4 42. Rxh5 fxg3 43. Kxg3 Kf6 44. Rh4 Rc3+ 45. Kg2 Kg5 46. Rd4 f5 47. f3 Rc1 48. h4+ Kg6 49. Kg3 Rg1+ 50. Kf4 Rh1 51. Rd6+ Kg7 52. Kg5 f4 53. Rd7+ Kf8 54. Rd4 Rg1+ 55. Kf6 Kg8 56. Rxf4 Rh1 57. Rg4+ Kh7 58. f4 Re1 59. f5 Re2 60. Rd4 Re1 61. Kf7 Re2 62. f6 Re1 63. Rd5 Re2 64. Rh5# 1-0


[Site "https://www.chess.com"]